Map: Турбокруиз-84 РВ

Players

Apostle - Winner!

  • Race: Protoss Protoss
  • Spawn Location: 3:00

VOD

Have the link to the VOD?

Description

Time

  • Played on: Aug. 1, 2019, 3:47 a.m.
  • Length: 8:18
Show
View Real Time Build Order
Export as new Build Order

Apostle Protoss - Winner!

Build Orders:  

Get SALT Encoding   

  12  0:03  Probe (Chrono Boost)  
  14  0:20  Probe (Chrono Boost)  
  14  0:25  Pylon  
  14  0:37  Probe (Chrono Boost)  
  15  0:52  Gateway  
  15  0:56  Probe (Chrono Boost)  
  16  1:02  Assimilator  
  16  1:09  Probe (Chrono Boost)  
  16  1:17  Assimilator  
  17  1:21  Probe (Chrono Boost)  
  18  1:32  Probe (Chrono Boost)  
  19  1:49  Probe (Chrono Boost)  
  20  1:59  Cybernetics Core  
  20  2:06  Probe (Chrono Boost)  
  21  2:13  Pylon  
  21  2:23  Probe (Chrono Boost)  
  23  2:40  Probe (Chrono Boost)  
  23  2:50  Twilight Council  
  23  3:06  Pylon  
  23  3:42  Dark Shrine  
  23  3:45  Warp Gate  
  23  3:50  Gateway  
  23  4:03  Gateway  
  23  4:05  Gateway  
  22  5:23  Dark Templar x2  
  22  5:24  Dark Templar x2  
  30  5:43  Gateway  
  30  5:45  Pylon  
  30  6:31  Dark Templar x2  
  30  6:35  Zealot x2  
  38  6:44  Pylon  
  38  7:21  Dark Templar  
  40  7:54  Dark Templar  
  43  8:17  Nexus  
Tags
 
Add a new tag
Caveats
  • Supply blocks, unpowered buildings, or Contaminate may cause inaccurate times.
  • Supply counts are checked every 10 seconds.